 Dungeon Crawl Stone Soup version 0.28-a0-1506-g3893175d92 (webtiles) character file.

Game seed: 16994379208448843427

7 Lekart the Skirmisher (level 1, -1/19 HPs)
             Began as a Draconian Abyssal Knight on Jan 14, 2022.
             Was a Follower of Lugonu.
             Slain by a gnoll (9 damage)
             ... on level 1 of the Dungeon.
             The game lasted 00:00:41 (240 turns).

Lekart the Skirmisher (Draconian Abyssal Knight)     Turns: 240, Time: 00:00:42

Health: -1/19      AC:  4    Str: 15    XL:     1   Next: 83%
Magic:  2/2        EV: 12    Int: 10    God:    Lugonu [*.....]
Gold:   21         SH:  0    Dex: 11    Spells: 0/0 levels left

rFire   . . .      SeeInvis .   a - +1 falchion
rCold   . . .      Faith    .   (no shield)
rNeg    . . .      Spirit   .   (armour unavailable)
rPois   .          Reflect  .   (helmet restricted)
rElec   .          Harm     .   (no cloak)
rCorr   .          Rampage  .   (no gloves)
Will    .....                   (no boots)
Stlth   +.........              (no amulet)
HPRegen 0.06/turn               (no ring)
MPRegen 0.08/turn               (no ring)

@: no status effects
A: AC +4, unfitting armour, cold-blooded
a: Renounce Religion, Depart the Abyss


You were on level 1 of the Dungeon.
You worshipped Lugonu.
Lugonu was aware of your devotion.
You visited 1 branch of the dungeon, and saw 1 of its levels.
You visited the Abyss 1 time.

You collected 21 gold pieces.

Inventory:

Hand Weapons
 a - a +1 falchion (weapon)


   Skills:
 + Level 3.6 Fighting
 + Level 2.1 Long Blades
 + Level 2.2 Dodging
 * Level 2.1 Invocations


You couldn't memorise any spells.
You didn't know any spells.
Your spell library was empty.

Dungeon Overview and Level Annotations

Branches:
Dungeon (1/15)

Altars:


Innate Abilities, Weirdness & Mutations

Your plain brown scales are hard. (AC +4)
You cannot fit into any form of body armour.
You are cold-blooded and may be slowed by cold attacks.


Message History

The jackal barely misses you. The ball python barely misses you.
The ball python grabs you. The ball python constricts you.
The jackal closely misses you.
You closely miss the ball python.
The ball python is severely wounded.
The ball python bites you but does no damage.
The ball python constricts you.
A gnoll opens the door.
The jackal completely misses you. The ball python bites you.
The ball python constricts you.
You hit the ball python.
You kill the ball python!
Lugonu accepts your kill. The jackal bites you.
The jackal bites you but does no damage.
You closely miss the jackal. The jackal bites you.
The jackal closely misses you.
You slash the jackal!
You kill the jackal!
Lugonu accepts your kill. The jackal barely misses you.
You barely miss the jackal. The jackal bites you.
You closely miss the jackal.
The jackal bites you but does no damage.
The jackal completely misses you.
You barely miss the jackal.
Your tail-slap misses the jackal.
The jackal closely misses you. The jackal misses you.
You hit the jackal.
The jackal is almost dead.
The jackal bites you.
You aren't carrying any potions.
You hit the jackal.
You kill the jackal!
Lugonu accepts your kill. The kobold barely misses you.
You hit the kobold.
You kill the kobold!
Lugonu accepts your kill. The gnoll closely misses you.
The gnoll hits you with a +0 spear!
You die...

#...#............######
.................#
.....#...........#
.....#...........#
.....##.......K..' ....
#........Kh#
..>..#####l# ###...#
#g# #... #@# #. #.# #.#
#.# #.# ..# ###


You could see a gnoll, a jackal, a kobold and a frilled lizard.

Vanquished Creatures
  A ball python (D:1)
  A giant cockroach (D:1)
  2 jackals (D:1)
  A kobold (D:1)
  A rat (D:1)
6 creatures vanquished.

Vanquished Creatures (others)
  A plant (D:1)
1 creature vanquished.

Grand Total: 7 creatures vanquished

Notes
Turn   | Place    | Note
-------+----------+-------------------------------------------
     0 | Abyss:1  | Lekart the Draconian Abyssal Knight began the quest for the
                  | Orb.
     0 | Abyss:1  | Reached XP level 1. HP: 19/19 MP: 2/2
   106 | Abyss:2  | Found a corrupted altar of Lugonu.
   137 | Abyss:2  | Noticed an ancient zyme
   140 | Abyss:2  | Noticed a Hell Sentinel
   141 | Abyss:2  | Noticed a small abomination
   142 | Abyss:2  | Noticed a raiju
   144 | D:1      | Escaped the Abyss
   147 | D:1      | Noticed a vampire
   147 | D:1      | Noticed a vine stalker
   149 | D:1      | Noticed a naga
   151 | D:1      | Noticed a gargoyle
   153 | D:1      | Noticed a formicid
   153 | D:1      | Noticed a minotaur
   155 | D:1      | Noticed an octopode
   157 | D:1      | Noticed a tengu
   159 | D:1      | Noticed a ghoul
   159 | D:1      | Noticed a demonspawn
   161 | D:1      | Noticed an ogre
   161 | D:1      | Noticed an elf
   163 | D:1      | Noticed a merfolk
   163 | D:1      | Noticed a draconian
   165 | D:1      | Noticed a troll
   165 | D:1      | Noticed a human
   167 | D:1      | Noticed a dwarf
   167 | D:1      | Noticed a demigod
   169 | D:1      | Noticed a felid
   171 | D:1      | Noticed a spriggan
   190 | D:1      | Reached * piety under Lugonu
   240 | D:1      | Slain by a gnoll

Illustrated notes

Levels and vault maps discovered:
D:1:      kb_arrival_jail, layout_basic, nicolae_grassy_gnolls

Action                   || total
-------------------------++-------
Melee: Falchion          ||    23
       Punch             ||     1
Invok: Depart the Abyss  ||     1
Armor: Skin              ||     9
Dodge: Dodged            ||    33

Table legend: (Time is in decaauts)
 A = Elapsed time spent in this place.
 B = Non-inter-level travel time spent in this place.
 C = Inter-level travel time spent in this place.
 D = Time resting spent in this place.
 E = Time spent auto-exploring this place.
 F = Levels seen in this place.
 G = Mean time per level.
                   A        B        C        D        E       F      G
               +--------+--------+--------+--------+--------+-----+--------+
         Total |    244 |    244 |      0 |      0 |    140 |   3 |   81.3 |
       Dungeon |    100 |    100 |      0 |      0 |     17 |   1 |  100.0 |
         Abyss |    143 |    143 |      0 |      0 |    123 |   2 |   71.5 |
               +--------+--------+--------+--------+--------+-----+--------+

Top non-repeatable levels by time:
 Abyss:1: 106 daAuts
     D:1: 100 daAuts
 Abyss:2: 37 daAuts
